 Dungeon Crawl Stone Soup version 0.30.0-29-ga12c61a403 (webtiles) character file.

Game seed: 13869402830680787163

473 cdecastro the Chopper (level 7, -2/66 HPs)
             Began as a Hill Orc Fighter on June 23, 2023.
             Was an Initiate of Okawaru.
             Slain by Duvessa
             ... wielding a +4 vampiric rapier
              (9 damage)
             ... on level 4 of the Dungeon.
             The game lasted 00:05:33 (3369 turns).

cdecastro the Chopper (Hill Orc Fighter)            Turns: 3369, Time: 00:05:34

Health: -2/66      AC:  6    Str: 21    XL:     7   Next: 10%
Magic:  7/7        EV: 14    Int:  8    God:    Okawaru [......]
Gold:   155        SH:  4    Dex: 10    Spells: 6/6 levels left

rFire   . . .        a - +0 war axe
rCold   . . .        c - +0 buckler
rNeg    . . .        b - +0 scale mail
rPois   .            (no helmet)
rElec   .            (no cloak)
rCorr   .            (no gloves)
SInv    .            (no boots)
Will    .....        j - amulet of the acrobat Stlth
                     p - +5 ring of evasion
HPRegen 0.31/turn    (no ring)
MPRegen 0.10/turn

%: acrobat
@: no status effects
A: no striking features
a: Renounce Religion


You were on level 4 of the Dungeon.
You worshipped Okawaru.
Okawaru was noncommittal.
You visited 1 branch of the dungeon, and saw 5 of its levels.

You collected 155 gold pieces.

Inventory:

Hand Weapons
 a - a +0 war axe (weapon)
Missiles
 m - 8 poisoned darts (quivered)
 r - 4 boomerangs
Armour
 b - a +0 scale mail (worn)
 c - a +0 buckler (worn)
Jewellery
 j - an amulet of the acrobat (around neck)
 l - a +6 ring of intelligence
 p - a +5 ring of evasion (left hand)
 x - an amulet of guardian spirit
Wands
 u - a wand of flame (24)
Scrolls
 d - a scroll of silence {unknown}
 f - a scroll of identify {unknown}
 g - a scroll of amnesia {unknown}
 n - 2 scrolls of teleportation {unknown}
 o - a scroll of poison {unknown}
 q - 2 scrolls of vulnerability {unknown}
 s - a scroll of blinking {unknown}
 t - a scroll of immolation {unknown}
 y - a scroll of fog {unknown}
Potions
 e - 4 potions of degeneration {unknown}
 h - 2 potions of curing {unknown}
 i - a potion of flight {unknown}
 k - a potion of heal wounds {unknown}
 v - a potion of attraction {unknown}
 w - a potion of lignification {unknown}


   Skills:
 + Level 7.1 Fighting
 + Level 7.1 Axes
 - Level 3.2 Armour
 - Level 3.2 Shields


You had 6 spell levels left.
You didn't know any spells.
Your spell library contained the following spells:

 Spells                   Type           Power      Damage    Failure   Level
 Ensorcelled Hibernation  Hex/Ice        0%         N/A       91%         2
 Spider Form              Tmut/Pois      0%         N/A       99%         3
 Anguish                  Hex/Necr       0%         N/A       100%        4
 Iskenderun's Battlesphe  Conj           0%         2d6       100%        5
 Iron Shot                Conj/Erth      0%         9d1       100%        6
 Storm Form               Tmut/Air       0%         N/A       100%        7
 Maxwell's Capacitive Co  Air            0%         ∞         100%        8
 Summon Lightning Spire   Summ/Air       Unusable   N/A       N/A         4
 Spellforged Servitor     Conj/Summ      Unusable   N/A       N/A         7

Dungeon Overview and Level Annotations

Branches:
Dungeon (5/15)
 Temple: D:4-7

Altars:
Cheibriados
Okawaru
Vehumet

Shops:
D:3 [

Annotations:
D:4 Dowan, Duvessa


Message History

You closely miss Duvessa.
Duvessa is heavily wounded.
Duvessa hits you with a +4 vampiric rapier.
* * * LOW HITPOINT WARNING * * *
Duvessa closely misses you.
Unknown command.
Okay, then.
Unknown command.
Okay, then.
Unknown command.
Okay, then.
Unknown command.
You hit Duvessa but do no damage.
Duvessa is heavily wounded.
Dowan gestures wildly while chanting.
Dowan blinks!
Duvessa closely misses you.
Unknown command.
You closely miss Duvessa.
Duvessa is heavily wounded.
Duvessa hits you with a +4 vampiric rapier.
* * * LOW HITPOINT WARNING * * *
Duvessa draws strength from your wounds!
Dowan gestures wildly while chanting.
Dowan blinks!
You block Duvessa's attack.
You hit Duvessa.
Duvessa is heavily wounded.
Duvessa hits you with a +4 vampiric rapier!
* * * LOW HITPOINT WARNING * * *
Duvessa draws strength from your wounds!
Duvessa hits you with a +4 vampiric rapier.
* * * LOW HITPOINT WARNING * * *
Duvessa draws strength from your wounds!
You slash Duvessa!
Duvessa is heavily wounded.
Duvessa completely misses you. Duvessa hits you but does no damage.
Unknown command.
You closely miss Duvessa.
Duvessa is heavily wounded.
Duvessa hits you with a +4 vampiric rapier!
You die...

#.......... #.....e....
#.......... #....e...:.
#.......... #..S......$
#......$... #######†.........
#####...@e...........
#####.....#####..........#...
#...................>....#...
#.#######+#######........#...
#.# #.# #........#... #.#
#####.##### #........#... #.#
#...+.'...# #........+... #.#
#.###.###.# #...>....#... #.#
#.# #.# #.# #........#...


You could see Duvessa (fast).

Vanquished Creatures
  A black bear (D:5)
  2 orc priests (D:5)
  2 iguanas (D:5)
  Ijyb (D:5)
  An orc wizard (D:5)
  3 gnolls
  8 adders
  5 dart slugs
  15 orcs
  4 bats
  6 endoplasms
  3 giant cockroaches
  5 goblins
  7 hobgoblins
  7 jackals (D:2)
  5 kobolds
  5 quokkas
  6 ball pythons
  8 frilled lizards
  2 rats
96 creatures vanquished.

Notes
Turn   | Place    | Note
-------+----------+-------------------------------------------
     0 | D:1      | cdecastro the Hill Orc Fighter began the quest for the Orb.
     0 | D:1      | Reached XP level 1. HP: 19/19 MP: 1/1
    88 | D:1      | Reached XP level 2. HP: 23/27 MP: 2/2
   619 | D:1      | Reached XP level 3. HP: 31/34 MP: 3/3
   938 | D:2      | Reached XP level 4. HP: 38/41 MP: 4/4
  1113 | D:2      | Reached skill level 5 in Fighting
  1655 | D:3      | Found Zemnated's Armour Boutique.
  1674 | D:3      | Reached skill level 5 in Axes
  1676 | D:3      | Reached XP level 5. HP: 26/48 MP: 5/5
  1861 | D:3      | You fall into a shaft and drop 2 floors!
  1861 | D:5      | Entered Level 5 of the Dungeon
  2031 | D:5      | Noticed Ijyb
  2054 | D:5      | Killed Ijyb
  2204 | D:5      | Noticed a black bear
  2221 | D:5      | Killed a black bear
  2222 | D:5      | Reached XP level 6. HP: 58/58 MP: 6/6
  2701 | D:3      | Found an iron altar of Okawaru.
  2702 | D:3      | Found a snail-covered altar of Cheibriados.
  2809 | D:3      | Found a radiant altar of Vehumet.
  3023 | D:3      | Became a worshipper of Warmaster Okawaru
  3084 | D:3      | Reached XP level 7. HP: 53/66 MP: 7/7
  3343 | D:4      | Noticed Duvessa
  3343 | D:4      | Noticed Dowan
  3369 | D:4      | Slain by Duvessa

Illustrated notes

Levels and vault maps discovered:
D:1:      minmay_arrival_nine_rooms, layout_basic
D:2:      layout_basic
D:3:      layout_rooms, vehumet_crystals, gammafunk_temple_overflow_pools,
          serial_shops, shop_statue
D:4:      layout_gridville, minmay_door_square, uniq_duvessa
D:5:      layout_layer_cave, chequers_serial_rivers_room_b,
          kennysheep_generic_room_7, uniq_ijyb

Skill      XL: |  1  2  3  4  5  6 |
---------------+-------------------+-----
Axes           | 3 4 5 6 7 |  7.1
Fighting       | 4 5 6 7 |  7.1
Armour         | |  3.2
Shields        | |  3.2

Action                     |  1- 3 |  4- 6 |  7- 9 || total
---------------------------+-------+-------+-------++-------
  Melee: War axe           |   102 |   169 |    37 ||   308
    Use: Potion            |       |     1 |       ||     1
 Armour: Scale mail        |    45 |    49 |     4 ||    98
  Dodge: Dodged            |    51 |   110 |    17 ||   178
  Block: Buckler           |    20 |    40 |     4 ||    64
